 Dungeon Crawl Stone Soup version 0.18-a0-1078-gebb93d0 (webtiles) character file.

70 varam the Cudgeler (level 4, 36/40 HPs)
             Began as a Minotaur Berserker on Jan 14, 2016.
             Was a Believer of Trog.
             Quit the game on level 2 of the Dungeon on Jan 20, 2016.
             The game lasted 00:07:44 (1427 turns).

varam the Cudgeler (Minotaur Berserker)             Turns: 1427, Time: 00:07:44

Health: 36/40      AC: 11    Str: 22    XL:     4   Next: 3%
Magic:  3/3        EV:  7    Int:  4    God:    Trog [**....]
Gold:   101        SH:  0    Dex: 10    Spells: 0 memorised, 3 levels left

rFire  . . .     SeeInvis .     s - +0 whip
rCold  . . .     Gourm    .     k - +0 plate armour
rNeg   + . .     Faith    .     (no shield)
rPois  .         Spirit   .     (helmet restricted)
rElec  .         Dismiss  .     (no cloak)
rCorr  .         Reflect  .     (no gloves)
SustAt .         Harm     .     (no boots)
MR     .....                    (no amulet)
Stlth  ..........               (no ring)
                                q - ring of positive energy

@: not resistant to hostile enchantments, extremely unstealthy
A: retaliatory headbutt, horns 2
a: Berserk, Trog's Hand, Burn Spellbooks, Renounce Religion


You were on level 2 of the Dungeon.
You worshipped Trog.
Trog was pleased with you.
You were not hungry.

You visited 1 branch of the dungeon, and saw 2 of its levels.

You collected 101 gold pieces.

Inventory:

Hand Weapons
 a - a +0 mace
 s - a +0 whip (weapon)
Armour
 b - a +0 animal skin
 d - a +0 scale mail
 k - a +0 plate armour (worn)
Jewellery
 q - a ring of positive energy (left hand)
Scrolls
 e - 3 scrolls of random uselessness
 h - a scroll of amnesia {unknown}
 i - 2 scrolls of recharging {unknown}
 o - 2 scrolls of remove curse {unknown}
 u - a scroll of fear {unknown}
Potions
 j - a potion of magic {unknown}
 m - a potion of agility {unknown}
 n - a potion of ambrosia {unknown}
 r - a potion of might {unknown}
 t - a potion of curing {unknown}
Comestibles
 c - 3 bread rations
 f - 2 beef jerkies
 g - 2 chunks of flesh
 l - a royal jelly
 p - 2 slices of pizza


   Skills:
 - Level 4.2 Fighting
 * Level 5.2 Maces & Flails
 * Level 2.9 Armour
 - Level 2.1 Dodging


You had 3 spell levels left.
You didn't know any spells.

Dungeon Overview and Level Annotations

Branches:
Dungeon (2/15)

Altars:


Innate Abilities, Weirdness & Mutations

You reflexively headbutt those who attack you in melee.
You have a pair of horns on your head.


Message History

The worm bites you!
You hit the worm. You headbutt the worm!
You kill the worm!
Trog accepts your kill.
You closely miss the adder. The adder barely misses you.
You miss the adder. The adder barely misses you.
The adder bites you but does no damage.
Your plate armour prevents you from hitting the adder.
Your headbutt misses the adder. The adder bites you but does no damage.
You hit the adder. You headbutt the adder.
You kill the adder!
Trog accepts your kill.
You have reached level 4!
You feel agile.
Welcome back, varam the Minotaur Berserker.
Trog says: Kill them all!
Press ? for a list of commands and other information.
Things that are here:
an adder corpse; a worm corpse Are you sure you want to abandon this character and quit the game? (Confirm with "yes".)

#.######.#
####.....##.#
#.........#.#
#.#######.######..#.#
.......)...# #..#.#
#.#######).# #..#.#
#..# #..#.#
.#######..#####..#.#
........@..........#
########..#####..###
#..#####..#
#.......<.#
#.........#
###########


There were no monsters in sight!

Vanquished Creatures
  3 adders (D:2)
  3 worms (D:2)
  A giant gecko (D:2)
  6 bats
  3 giant cockroaches
  2 goblins (D:2)
  4 hobgoblins
  5 kobolds
  A quokka (D:2)
  5 giant newts (D:2)
  3 rats
36 creatures vanquished.

Notes
Turn   | Place    | Note
--------------------------------------------------------------
     0 | D:1      | varam the Minotaur Berserker began the quest for the Orb.
     0 | D:1      | Reached XP level 1. HP: 19/19 MP: 0/0
   284 | D:1      | Reached skill level 4 in Maces & Flails
   410 | D:1      | Reached XP level 2. HP: 27/27 MP: 1/1
   799 | D:2      | Reached XP level 3. HP: 28/33 MP: 2/2
   826 | D:2      | Reached ** piety under Trog
  1228 | D:2      | Reached skill level 5 in Maces & Flails
  1394 | D:2      | Reached XP level 4. HP: 32/40 MP: 3/3
  1427 | D:2      | Quit the game

Vault maps used:
D:1:      nicolae_arrival_memento_mori
D:2:      kennysheep_six_static_rooms, feat_on_display, uniq_crazy_yiuf_cottage

Action                   |  1- 3 |  4- 6 || total
-------------------------+-------+-------++-------
Melee: Mace              |    66 |       ||    66
       Whip              |    48 |       ||    48
  Use: Scroll            |     1 |       ||     1
  Eat: Chunk             |     2 |       ||     2
